 Dungeon Crawl Stone Soup version 0.25-a0-194-gece12570e2 (webtiles) character file.

Game seed: 7626380968841483455, levelgen mode: deterministic

6285 MrRokkomies the Fighter (level 10, -15/96 HPs)
             Began as a Ghoul Monk on Dec 1, 2019.
             Was a Believer of Ru.
             Demolished by a sphinx (17 damage)
             ... on level 10 of the Dungeon.
             The game lasted 00:26:51 (8424 turns).

MrRokkomies the Fighter (Ghoul Monk)                Turns: 8424, Time: 00:26:54

Health: -15/96     AC:  8    Str: 24    XL:     10   Next: 94%
Magic:  9/9        EV: 13    Int:  5    God:    Ru [**....]
Gold:   597        SH:  7    Dex: 11    Spells: 9/9 levels left

rFire    + . .     SeeInvis .   a - +3 whip (elec)
rCold    + + +     Gourm    .   l - +0 buckler
rNeg     + + +     Faith    .   M - +3 leather armour
rPois    ∞         Spirit   .   (no helmet)
rElec    .         Reflect  +   J - scarf {rC+ rF+}
rCorr    .         Harm     .   u - +1 pair of gloves
MR       +....                  (no boots)
Stlth    ..........             z - +4 amulet of reflection
HPRegen  0.00/turn              p - ring of protection from cold
MPRegen  0.11/turn              q - ring of protection from magic

@: mighty, about to teleport, rotting, slowed, very slow
A: rotting body, claws 1, carnivore, cold resistance 1, negative energy
resistance 3, inhibited regeneration, torment resistance, unbreathing, no
stealth, inability to use devices
a: Renounce Religion


You were on level 10 of the Dungeon.
You worshipped Ru.
Ru was pleased with you.
You were not hungry.

You visited 2 branches of the dungeon, and saw 11 of its levels.

You collected 597 gold pieces.

Inventory:

Hand Weapons
 a - a +3 whip of electrocution (weapon)
 b - a +0 hunting sling of venom
 i - a cursed +0 quarterstaff
Missiles
 d - 165 arrows
 f - 217 stones
 h - 18 bolts
 k - 43 sling bullets
 m - 25 poisoned darts (quivered)
 v - 2 throwing nets
Armour
 l - a +0 buckler (worn)
 u - a +1 pair of gloves (worn)
 J - a scarf of resistance (worn)
 M - a +3 leather armour (worn)
Jewellery
 p - a ring of protection from cold (left hand)
 q - a ring of protection from magic (right hand)
 z - a +4 amulet of reflection (around neck)
Scrolls
 g - 2 scrolls of fog
 o - a scroll of enchant armour
 t - 4 scrolls of remove curse
 y - 3 scrolls of amnesia
 A - 3 scrolls of immolation
 B - 2 scrolls of fear
 E - 3 scrolls of enchant weapon {unknown}
 H - a scroll of teleportation
Potions
 e - 3 potions of magic
 j - a potion of might
 r - 2 potions of haste
 s - 2 potions of heal wounds
 w - 2 potions of flight
 x - 5 potions of brilliance
 C - a potion of degeneration {unknown}
 D - 2 potions of curing
 I - a potion of cancellation {unknown}
Comestibles
 c - 17 rations


   Skills:
 * Level 11.5 Fighting
 * Level 9.8 Maces & Flails
 + Level 3.5 Armour
 - Level 6.0 Dodging


You had 9 spell levels left.
You didn't know any spells.
Your spell library contained the following spells:

 Spells                   Type           Power        Failure   Level  Hunger
 Corona                   Hex            #......      71%         1    ##.....
 Ensorcelled Hibernation  Hex/Ice        #.....       83%         2    ###....
 Slow                     Hex            #.......     83%         2    ###....
 Confuse                  Hex            #.......     97%         3    ####...
 Dazzling Spray           Conj/Hex       #.....       97%         3    ####...
 Inner Flame              Hex/Fire       #.......     97%         3    ####...
 Portal Projectile        Hex/Tloc       #.....       97%         3    ####...
 Tukima's Dance           Hex            #.......     97%         3    ####...
 Cause Fear               Hex            #.........   100%        4    #####..
 Leda's Liquefaction      Hex/Erth       #.........   100%        4    #####..


Dungeon Overview and Level Annotations

Branches:
Dungeon (10/15)            Temple (1/1) D:5             Orc (0/2) D:9
   Lair: D:8-11

Altars:
Ashenzari
Cheibriados
Dithmenos
Elyvilon
Fedhas
Gozag
Hepliaklqana
Kikubaaqudgha
Makhleb
Nemelex Xobeh
Okawaru
Qazlal
Ru
Sif Muna
Trog
Uskayaw
Vehumet
Wu Jian
Xom
Yredelemnul
Zin
The Shining One

Shops:
D:4 *   D:5 [   D:7 =


Innate Abilities, Weirdness & Mutations

Your body is rotting away.
You thrive on raw meat.
You are immune to poison.
You have sharp fingernails.
You are carnivorous and can eat meat at any time.
Your flesh is cold resistant. (rC+)
You are immune to negative energy. (rN+++)
You do not regenerate when monsters are visible.
You are immune to unholy pain and torment.
You can survive without breathing.
You cannot be stealthy.
You cannot study or use magical devices.


Message History

The sphinx is severely wounded.
You feel your flesh rotting away.
The sphinx casts a spell.
You resist with some effort.
The deep elf knight gestures at you while chanting.
The stone arrow misses you.
The sphinx casts a spell.
The sphinx is healed somewhat.
As you read the scroll of teleportation, it crumbles to dust.
You feel strangely unstable. The sphinx hits you!
* * * LOW HITPOINT WARNING * * *
The sphinx closely misses you. The sphinx hits you but does no damage.
You block the deep elf knight's attack.
You feel much better. The sphinx hits you. The sphinx hits you!
The sphinx hits you.
The deep elf knight points at you and mumbles some strange words.
The stone arrow hits you!!
* * * LOW HITPOINT WARNING * * *
The sphinx hits you!
You die...

#............#
##...8####8...#
#.!..†..).'...#
#....8#..#8...#
######
#..####†'####.#
#....# #..# #..#
#.###....# ...u#
#..# #.#......#
###..# #.)#
#.#......# #..#
#@e# #.....####
#..##.H....##.....#
#...########......#
.%..
...........####
..............+
........###.###
.........##.#
.........##.###
.........##...#


You could see a sphinx and a deep elf knight.

Vanquished Creatures
  Harold (D:7)
  A centaur warrior (D:10)
  An ugly thing (D:10)
  A hippogriff (D:8)
  A wraith (D:10)
  2 sky beasts
  4 ice beasts
  2 necrophages
  4 ogres
  2 centaurs
  2 phantoms
  2 bullfrogs
  4 scorpions
  16 killer bees
  5 wights (D:9)
  4 crimson imps
  A howler monkey (D:4)
  5 hounds
  7 orc priests
  2 bullfrog zombies (D:6)
  2 bullfrog skeletons
  A centaur skeleton (D:9)
  3 iguanas
  10 orc wizards
  13 worker ants
  A hound skeleton (D:9)
  A worker ant zombie (D:7)
  4 gnolls (D:5)
  A howler monkey skeleton (D:5)
  11 adders
  2 shadow imps
  2 oozes
  2 adder skeletons
  An adder zombie (D:8)
  6 dart slugs
  8 leopard geckos
  32 orcs
  6 giant cockroaches
  10 goblins
  7 hobgoblins
  13 jackals
  6 kobolds
  4 quokkas
  3 ball pythons
  6 bats
  4 frilled lizards
  A quokka skeleton (D:10)
  7 rats
234 creatures vanquished.

Notes
Turn   | Place    | Note
-------+----------+-------------------------------------------
     0 | D:1      | MrRokkomies the Ghoul Monk began the quest for the Orb.
     0 | D:1      | Reached XP level 1. HP: 19/19 MP: 0/0
   138 | D:1      | Reached XP level 2. HP: 14/26 MP: 1/1
   231 | D:1      | Reached XP level 3. HP: 22/32 MP: 2/2
   544 | D:1      | Reached skill level 4 in Fighting
   965 | D:2      | Reached XP level 4. HP: 40/40 MP: 3/3
  1103 | D:2      | Found a hide-covered altar of Uskayaw.
  1512 | D:3      | Reached XP level 5. HP: 40/47 MP: 4/4
  2228 | D:4      | Reached skill level 5 in Fighting
  2263 | D:4      | Reached XP level 6. HP: 38/56 MP: 5/5
  2438 | D:4      | Noticed a sky beast
  2493 | D:4      | Killed a sky beast
  2802 | D:3      | Reached skill level 6 in Fighting
  2802 | D:3      | Reached skill level 5 in Maces & Flails
  2802 | D:3      | Reached XP level 7. HP: 5/63 MP: 6/6
  3125 | D:4      | Found Ataiph Gedgh's General Store.
  3392 | D:5      | Entered Level 5 of the Dungeon
  4174 | D:5      | Reached XP level 8. HP: 61/71 MP: 7/7
  4190 | D:5      | Reached skill level 7 in Fighting
  4225 | D:5      | Found a staircase to the Ecumenical Temple.
  4241 | Temple   | Entered the Ecumenical Temple
  4386 | Temple   | Became a worshipper of Ru the Awakened
  4396 | Temple   | Gained mutation: You cannot be stealthy. [Ru sacrifice]
  4563 | D:5      | Found Cegrit's Antique Armour Shoppe.
  5294 | D:6      | Reached skill level 5 in Dodging
  5306 | D:6      | Reached skill level 8 in Fighting
  5568 | D:6      | Reached XP level 9. HP: 80/81 MP: 8/8
  5769 | D:7      | Found Veuc's Jewellery Shoppe.
  5803 | D:7      | Noticed Harold
  6018 | D:7      | Reached skill level 9 in Fighting
  6160 | D:7      | Killed Harold
  6615 | D:8      | Reached skill level 10 in Fighting
  6615 | D:8      | Reached skill level 1 in Armour
  6672 | D:8      | Reached XP level 10. HP: 83/92 MP: 9/9
  6758 | D:8      | Found an ancient bone altar of Kikubaaqudgha.
  6760 | D:8      | Gained mutation: You cannot study or use magical devices.
                  | [Ru sacrifice]
  6760 | D:8      | Reached * piety under Ru
  6760 | D:8      | Reached ** piety under Ru
  6764 | D:8      | Found a glowing silver altar of Zin.
  7491 | D:9      | Found a sparkling altar of Nemelex Xobeh.
  7492 | D:9      | Found a blossoming altar of Fedhas.
  7637 | D:9      | Found a shimmering blue altar of Sif Muna.
  7690 | D:9      | Found a staircase to the Orcish Mines.
  7766 | D:9      | Reached skill level 11 in Fighting
  7905 | D:10     | Entered Level 10 of the Dungeon
  8105 | D:10     | Noticed a centaur warrior
  8107 | D:10     | Found a large runed translucent door.
  8108 | D:10     | Found a large runed translucent door.
  8114 | D:10     | Killed a centaur warrior
  8390 | D:10     | Noticed a green ugly thing
  8407 | D:10     | Killed a green ugly thing
  8414 | D:10     | Noticed a sphinx
  8414 | D:10     | Noticed a deep elf knight
  8424 | D:10     | HP: 2/96 [deep elf knight/stone arrow (27)]
  8424 | D:10     | Demolished by a sphinx

Levels and vault maps discovered:
D:1:      dpeg_arrival_pond, layout_basic, hangedman_decor_growths
D:2:      layout_rooms, eat_drink_and_be_merry_uskayaw
D:3:      layout_rooms, kennysheep_generic_room_14
D:4:      layout_basic, serial_shops, nicolae_shop_stone, minivault_27
D:5:      layout_gridville, minmay_temple_entry_offerings, first_ration,
          serial_shops, nicolae_shop_behind_doors
D:6:      layout_basic
D:7:      layout_loops_cross, serial_shops, nicolae_shop_behind_doors,
          grunt_ogre_cave, uniq_harold
D:8:      layout_rooms, nicolae_overflow_hidden_temple
D:9:      layout_gridville, gammafunk_temple_overflow_forgotten, orc_0_dummy
D:10:     minmay_polygon_palace, layout_basic, ebering_ghost_rock_garden,
          jmf_multi_god_temple2
Temple:   regret_index_temple_sphere_string

Skill      XL: |  1  2  3  4  5  6  7  8  9 10 |
---------------+-------------------------------+-----
Maces & Flails | 3 4 5 7 8 9 |  9.8
Dodging        | 3 4 5 6 |  6.0
Fighting       | 4 5 6 8 10 11 | 11.5
Stealth        | 0 |  0.0
Armour         | 1 3 |  3.5

Action                   |  1- 3 |  4- 6 |  7- 9 | 10-12 || total
-------------------------+-------+-------+-------+-------++-------
Melee: Mace              |   121 |    75 |       |       ||   196
       Flail             |       |   223 |   385 |       ||   608
       Whip              |       |       |    98 |   224 ||   322
Throw: Dart              |       |     5 |     2 |       ||     7
       Throwing net      |       |       |     1 |       ||     1
Invok: Sacrifice Stealth |       |       |     1 |       ||     1
       Sacrifice Artific |       |       |       |     1 ||     1
  Use: Scroll            |     3 |     7 |     6 |     6 ||    22
       Potion            |       |     1 |     3 |     2 ||     6
 Stab: Sleeping          |     2 |     1 |     1 |       ||     4
       Held in net/web   |       |       |     2 |       ||     2
       Invisible         |       |       |       |     1 ||     1
  Eat: Chunk             |    10 |    16 |    23 |    15 ||    64
Armor: Robe              |    25 |       |       |       ||    25
       Ring mail         |    12 |   136 |   142 |       ||   290
       Leather armour    |       |       |    10 |    37 ||    47
Dodge: Dodged            |    98 |   202 |   228 |    74 ||   602
Block: Buckler           |     6 |    40 |   134 |    56 ||   236
       Reflection        |       |       |     5 |     1 ||     6

Table legend:
 A = Non-vault XP
 B = Vault XP
 C = Vault XP percentage of total XP
 D = Non-vault monster count
 E = Vault monster count
 F = Vault count percentage of total count
                 A         B        C        D         E       F
            +---------+---------+-------+---------+---------+-------
      Total |    6706 |    2273 |  25.3 |     227 |       7 |   3.0
            +---------+---------+-------+---------+---------+-------
        D:1 |      58 |       0 |   0.0 |      29 |       0 |   0.0
        D:2 |      61 |       0 |   0.0 |      22 |       0 |   0.0
        D:3 |     248 |       4 |   1.6 |      26 |       2 |   7.1
        D:4 |     481 |       0 |   0.0 |      19 |       0 |   0.0
        D:5 |     706 |       0 |   0.0 |      31 |       0 |   0.0
        D:6 |     910 |       0 |   0.0 |      29 |       0 |   0.0
        D:7 |     888 |    1105 |  55.4 |      19 |       2 |   9.5
        D:8 |    1022 |       0 |   0.0 |      18 |       0 |   0.0
        D:9 |    1664 |       0 |   0.0 |      28 |       0 |   0.0
       D:10 |     668 |    1164 |  63.5 |       6 |       3 |  33.3
            +---------+---------+-------+---------+---------+-------
